 Dungeon Crawl Stone Soup version 0.29-a0-284-gf9362112df (webtiles) character file.

Game seed: 1928621205386965943

37 Warped the Sneak (level 3, 0/26 HPs)
             Began as an Octopode Fighter on Mar 22, 2022.
             Slain by a rat (2 damage)
             ... on level 2 of the Dungeon.
             The game lasted 00:02:07 (1198 turns).

Warped the Sneak (Octopode Fighter)                 Turns: 1198, Time: 00:02:07

Health: 0/26       AC:  1    Str: 17    XL:     3   Next: 39%
Magic:  3/3        EV: 13    Int: 10    God:
Gold:   79         SH:  4    Dex: 11    Spells: 2/2 levels left

rFire   . . .      SeeInvis .   a - +0 rapier
rCold   . . .      Faith    .   b - +0 buckler
rNeg    . . .      Spirit   .   (helmet restricted)
rPois   .          Reflect  .   (no amulet)
rElec   .          Harm     .   (no ring)
rCorr   .          Rampage  .   (no ring)
Will    .....                   (no ring)
Stlth   +++.......              (no ring)
HPRegen 0.08/turn               (no ring)
MPRegen 0.08/turn               (no ring)
                                (no ring)
                                (no ring)

@: brilliant, attractive, invisible
A: almost no armour, amphibious, 8 rings, camouflage 1, gelatinous body 1,
(nimble swimmer 1), tentacles
a: no special abilities


You were on level 2 of the Dungeon.
You visited 1 branch of the dungeon, and saw 2 of its levels.

You collected 79 gold pieces.

Inventory:

Hand Weapons
 a - a +0 rapier (weapon)
Missiles
 h - 55 stones (quivered)
 l - 4 javelins
Armour
 b - a +0 buckler (worn)
Magical Staves
 i - a staff of fire
Wands
 k - a wand of digging (6)
 o - a wand of flame (18)
Scrolls
 d - a scroll of identify {unknown}
 e - 2 scrolls of teleportation
 f - a scroll of enchant armour {unknown}
 m - a scroll of fog {unknown}
 p - a scroll of noise {unknown}
Potions
 c - a potion of might
 j - 2 potions of brilliance


   Skills:
 - Level 3.0 Fighting
 + Level 2.6 Short Blades
 - Level 3.0 Dodging
 * Level 3.5 Stealth
 - Level 3.0 Shields


You had 2 spell levels left.
You didn't know any spells.
Your spell library contained the following spells:

 Spells                   Type           Power      Damage    Failure   Level
 Shock                    Conj/Air       0%         1d3       45%         1
 Swiftness                Air            0%         N/A       83%         3
 Airstrike                Air            0%         N/A       99%         4


Dungeon Overview and Level Annotations

Branches:
Dungeon (2/15)

Altars:


Innate Abilities, Weirdness & Mutations

You cannot wear most types of armour.
You are amphibious.
You can wear up to eight rings at the same time.
Your skin changes colour to match your surroundings (Stealth+).
Your rubbery body absorbs attacks. (AC +1, EV +1)
((You are camouflaged when in or above water. (Stealth+)))
You have tentacles for arms and can constrict up to eight enemies at once.


Message History

You constrict the hobgoblin, but do no damage.
The endoplasm hits you. The hobgoblin misses you.
You block the hobgoblin's attack. The endoplasm freezes you.
You are frozen.
The frilled lizard closely misses you.
You release your grip on the hobgoblin.
The endoplasm attacks as you move away! The endoplasm hits you.
The frilled lizard unfolds its giant frill.
You hit the hobgoblin.
You kill the hobgoblin!
You closely miss the frilled lizard. Your grab misses the frilled lizard.
The frilled lizard bites you.
You are too injured to fight recklessly!
You are too injured to fight recklessly!
You barely miss the frilled lizard. You grab the frilled lizard.
Your squeeze misses the frilled lizard. You constrict the frilled lizard.
The frilled lizard bites you.
You hit the frilled lizard.
You kill the frilled lizard!
You block the adder's attack.
You closely miss the adder. Your grab misses the adder. The adder bites you.
* * * LOW HITPOINT WARNING * * *
It was a potion of brilliance.
You feel clever all of a sudden. The adder closely misses you.
It was a potion of attraction.
You feel attractive to monsters. You block the adder's attack.
The adder bites you.
* * * LOW HITPOINT WARNING * * *
The rat is attracted toward you.
It was a potion of invisibility.
You fade into invisibility!
You block the adder's attack. The rat is attracted toward you.
You hit the adder. Your grab misses the adder. You squeeze the adder!
The adder is severely wounded.
The adder completely misses you.
You barely miss the adder. You grab the adder. You squeeze the adder.
You kill the adder!
The rat bites you.
You die...

. .... ##. ...#
...#### ..#
....... ..#
....... #.##
...(... #.?# ##.#
.......##..##....#
......J.@r........
......K###.##...#
..<...##).)# #
#..... ##.#.#
#..$. ###.###
##.## #.....###
... #..##.##..##
## #.#
##'####.####.# ..
..........##.#


You could see an endoplasm, a kobold (can't see you) and a rat (can't see you).

Vanquished Creatures
  An adder (D:2)
  A worm (D:2)
  3 endoplasms
  A giant cockroach (D:1)
  3 goblins
  2 hobgoblins (D:2)
  7 jackals (D:1)
  4 kobolds
  A quokka (D:1)
  4 ball pythons
  A bat (D:1)
  A frilled lizard (D:2)
  2 rats
31 creatures vanquished.

Notes
Turn   | Place    | Note
-------+----------+-------------------------------------------
     0 | D:1      | Warped the Octopode Fighter began the quest for the Orb.
     0 | D:1      | Reached XP level 1. HP: 16/16 MP: 1/1
    39 | D:1      | Reached skill level 1 in Stealth
   193 | D:1      | Found a faded altar of an unknown god.
   197 | D:1      | Reached XP level 2. HP: 18/21 MP: 2/2
   926 | D:2      | Reached XP level 3. HP: 26/26 MP: 3/3
  1198 | D:2      | Slain by a rat

Illustrated notes

Levels and vault maps discovered:
D:1:      doesnt_arrival_eight_statues, layout_basic,
          hellmonk_ecumenical_altar_lost_god
D:2:      kennysheep_the_goblin_king, layout_basic, serial_shops,
          nicolae_shop_window_shopping, interstate_on_off, uniq_jessica

Skill      XL: |  1  2 |
---------------+-------+-----
Stealth        | 2 3 |  3.5
Fighting       | |  3.0
Short Blades   | |  2.6
Dodging        | |  3.0
Shields        | |  3.0

Action                   || total
-------------------------++-------
Melee: Rapier            ||    62
       Constrict         ||    15
       Tentacles         ||    10
  Use: Scroll            ||     1
       Potion            ||     3
 Stab: Distracted        ||     1
       Sleeping          ||     1
Armor: Skin              ||     2
Dodge: Dodged            ||    39
Block: Buckler           ||    15

Table legend: (Time is in decaauts)
 A = Elapsed time spent in this place.
 B = Non-inter-level travel time spent in this place.
 C = Inter-level travel time spent in this place.
 D = Time resting spent in this place.
 E = Time spent auto-exploring this place.
 F = Levels seen in this place.
 G = Mean time per level.
                   A        B        C        D        E       F      G
               +--------+--------+--------+--------+--------+-----+--------+
         Total |   1205 |   1162 |     43 |      0 |    966 |   2 |  602.5 |
       Dungeon |   1205 |   1162 |     43 |      0 |    966 |   2 |  602.5 |
               +--------+--------+--------+--------+--------+-----+--------+

Top non-repeatable levels by time:
     D:1: 925 daAuts
     D:2: 279 daAuts
